 Dungeon Crawl Stone Soup version 0.23-a0-54-gae6112e33f (webtiles) character file.

94643 GordonOverkill the Blocker (level 15, -6/118 HPs)
             Began as a Mummy Chaos Knight on Aug 8, 2018.
             Mangled by an Ice Fiend (15 damage)
             ... in an ice cave.
             The game lasted 00:59:15 (30829 turns).

GordonOverkill the Blocker (Mummy Chaos Knight)    Turns: 30829, Time: 00:59:16

Health: -6/118     AC: 24    Str: 22    XL:     15   Next: 64%
Magic:  20/20      EV:  9    Int: 11    God:    Xom [*.....]
Gold:   2393       SH: 14    Dex: 12    Spells: 14/14 levels left

rFire    x . .     SeeInvis +   b - +9 whip (elec)
rCold    + + .     Gourm    .   K - +1 shield {reflect}
rNeg     + + +     Faith    .   E - +3 plate armour {rC+}
rPois    ∞         Spirit   .   r - +2 helmet
rElec    .         Reflect  +   (no cloak)
rCorr    .         Harm     .   B - +1 pair of gloves
MR       +....                  w - +0 pair of boots
Stlth    ..........             I - amulet of regeneration
HPRegen  0.69/turn              J - ring of see invisible
MPRegen  0.17/turn              (no ring)

@: no status effects
A: no food or potions, fire vulnerability, cold resistance 1, negative energy
resistance 3, torment resistance, unbreathing, in touch with death 1
a: Renounce Religion


You were in an ice cave.
You worshipped Xom.
You were a special plaything of Xom.
You were not hungry.

You visited 4 branches of the dungeon, and saw 25 of its levels.
You also visited: Ice Cave.

You collected 3130 gold pieces.
You spent 737 gold pieces at shops.

Inventory:

Hand Weapons
 a - a +0 hunting sling
 b - a +9 whip of electrocution (weapon)
 y - a +2 trident of flaming
 A - a +0 war axe of venom
 D - a +2 whip of venom
 F - a +3 morningstar
Missiles
 j - 377 stones (quivered)
 C - 6 javelins of returning
Armour
 c - a +2 plate armour of magic resistance
 i - a +0 shield
 r - a +2 helmet (worn)
 w - a +0 pair of boots (worn)
 B - a +1 pair of gloves (worn)
 E - a +3 plate armour of cold resistance (worn)
 K - a +1 shield of reflection (worn)
 M - +0 fire dragon scales
Jewellery
 u - an uncursed ring of fire
 I - an amulet of regeneration (around neck)
 J - a ring of see invisible (left hand)
Wands
 e - a wand of flame (26)
 l - a wand of iceblast (19)
 m - a wand of random effects (49)
 n - a wand of paralysis (70)
 s - a wand of polymorph (57)
 x - a wand of digging (27)
 z - a wand of acid (33)
Scrolls
 d - a scroll of immolation
 f - 17 scrolls of identify
 g - 5 scrolls of blinking
 h - a scroll of magic mapping
 k - 9 scrolls of remove curse
 o - 4 scrolls of teleportation
 p - 2 scrolls of fog
 t - 3 scrolls of fear
 v - 5 scrolls of amnesia
 G - 2 scrolls of silence
 H - 2 scrolls of enchant weapon
 L - a scroll of brand weapon
 N - a scroll of enchant armour
Miscellaneous
 q - a lamp of fire


   Skills:
 - Level 11.0 Fighting
 - Level 2.4(8.1) Axes
 - Level 11.9(12.0) Maces & Flails
 - Level 9.0 Armour
 - Level 7.0 Dodging
 + Level 13.5 Shields
 - Level 7.0 Evocations


You had 14 spell levels left.
You didn't know any spells.
Your spell library contained the following spells:

 Spells                   Type           Power        Failure   Level  Hunger
 Cause Fear               Hex            #.........   100%        4    N/A
 Magic Dart               Conj           #...         99%         1    N/A
 Fireball                 Conj/Fire      #.........   100%        5    N/A
 Apportation              Tloc           #.....       99%         1    N/A
 Conjure Flame            Conj/Fire      #.......     100%        3    N/A
 Bolt of Fire             Conj/Fire      #.........   100%        6    N/A
 Lightning Bolt           Conj/Air       #.........   100%        5    N/A
 Slow                     Hex            #.......     100%        2    N/A
 Invisibility             Hex            #.......     100%        6    N/A
 Throw Flame              Conj/Fire      #.....       100%        2    N/A
 Throw Frost              Conj/Ice       #.....       100%        2    N/A
 Freezing Cloud           Conj/Ice/Air   #.........   100%        6    N/A
 Mephitic Cloud           Conj/Pois/Air  #.......     100%        3    N/A
 Ring of Flames           Chrm/Fire      #.........   100%        7    N/A
 Summon Small Mammal      Summ           #...         99%         1    N/A
 Bolt of Draining         Conj/Necr      #.........   100%        5    N/A
 Blink                    Tloc           N/A          100%        2    N/A
 Animate Skeleton         Necr           N/A          99%         1    N/A
 Freeze                   Ice            #...         99%         1    N/A
 Sticky Flame             Conj/Fire      #.......     100%        4    N/A
 Summon Ice Beast         Ice/Summ       #.......     100%        4    N/A
 Ozocubu's Armour         Chrm/Ice       #.......     100%        3    N/A
 Call Imp                 Summ           #.......     100%        2    N/A
 Dispel Undead            Necr           #.......     100%        5    N/A
 Regeneration             Chrm/Necr      #.........   100%        3    N/A
 Sublimation of Blood     Necr           #.........   100%        2    N/A
 Tukima's Dance           Hex            #.......     100%        3    N/A
 Corpse Rot               Necr           N/A          100%        2    N/A
 Agony                    Necr           #.......     100%        5    N/A
 Deflect Missiles         Chrm/Air       #.........   100%        6    N/A
 Throw Icicle             Conj/Ice       #.......     100%        4    N/A
 Confusing Touch          Hex            #.....       99%         1    N/A
 Flame Tongue             Conj/Fire      #....        99%         1    N/A
 Ignite Poison            Fire/Tmut/Pois #.......     100%        3    N/A
 Summon Butterflies       Summ           #.......     99%         1    N/A
 Silence                  Hex/Air        #.........   100%        5    N/A
 Shatter                  Erth           #.........   100%        9    N/A
 Static Discharge         Conj/Air       #.......     100%        3    N/A
 Alistair's Intoxication  Tmut/Pois      #.......     100%        5    N/A
 Sandblast                Erth           #.....       99%         1    N/A
 Excruciating Wounds      Chrm/Necr      #.........   100%        5    N/A
 Tornado                  Air            #.........   100%        9    N/A
 Shroud of Golubria       Chrm/Tloc      #.........   100%        2    N/A
 Inner Flame              Hex/Fire       #.......     100%        3    N/A
 Infusion                 Chrm           #...         99%         1    N/A
 Song of Slaying          Chrm           #.......     100%        2    N/A
 Spectral Weapon          Hex/Chrm       #.......     100%        3    N/A
 Discord                  Hex            #.........   100%        8    N/A
 Yara's Violent Unravell  Hex/Tmut       #.........   100%        5    N/A
 Lesser Beckoning         Tloc           #.........   100%        3    N/A
 Poisonous Vapours        Pois/Air       #.....       100%        2    N/A
 Ignition                 Fire           #.........   100%        8    N/A
 Borgnjor's Vile Clutch   Necr/Erth      #.........   100%        5    N/A

Dungeon Overview and Level Annotations

Branches:
Dungeon (15/15)            Temple (0/1) D:6            Lair (6/6) D:8
  Swamp (2/4) Lair:3       Spider (0/4) Lair:4        Slime (0/5) Lair:5
    Orc (2/2) D:9             Elf (0/3) Orc:2        Vaults (0/5) D:14
 Depths (0/5) D:15

Altars:
Ashenzari
Dithmenos
Hepliaklqana
Okawaru
Qazlal
Sif Muna
Trog
Vehumet
Wu Jian
Xom
Yredelemnul
The Shining One
Beogh

Shops:
D:4 *   D:5 =   D:13 :   Orc:2 :!*:

Portals:
Trove: D:15 (give +2 gold dragon scales)

Annotations:
D:6 , 2 transporters, janiczek's ghost, novice MiBe
D:10 3 runed doors, krl's ghost, novice DrTm
Lair:6 exclusion: oklob plant


Innate Abilities, Weirdness & Mutations

You do not eat or drink.
Your flesh is vulnerable to fire.
You are immune to poison.
Your flesh is cold resistant. (rC+)
You are immune to negative energy. (rN+++)
You are immune to unholy pain and torment.
You can survive without breathing.
You are in touch with the powers of death.


Message History

The Ice Fiend is heavily wounded.
You hit the Ice Fiend but do no damage.
The Ice Fiend is heavily wounded.
The Ice Fiend claws you. The Ice Fiend freezes you! You resist.
* * * LOW HITPOINT WARNING * * *
You block the Ice Fiend's attack.
You hit the Ice Fiend but do no damage.
Lightning courses through the Ice Fiend!
The Ice Fiend is severely wounded.
You hit the Ice Fiend.
The Ice Fiend is severely wounded.
The Ice Fiend claws you.
* * * LOW HITPOINT WARNING * * *
The Ice Fiend freezes you! You resist.
* * * LOW HITPOINT WARNING * * *
The Ice Fiend claws you!
* * * LOW HITPOINT WARNING * * *
The Ice Fiend freezes you! You resist.
You die...
Xom giggles madly!

#..##1§#....# ##
#. #..#.##.#..# #
##.#.#..#§#§§##.##
#
#!.#11..§§§.§§#§§#
#
#).......§§.§§§..#
#
(.#..####.§§#§§§#
# #.#. .....#§§§#
##1## .....#§§§##
#..@# #..###§.§§#
#.).# # ##§§§§§§##
#...# #§...§#.§#
##### .§§§§§§###§§
§§§§§§§ #§§
§§§§§§# ##§ §§§§§§
## .§§.§# # #§§§#


You could see an Ice Fiend.

Vanquished Creatures
  Kirke (Lair:4)
  An orc warlord (Orc:2)
  A fire dragon (D:14)
  A vault guard (D:15)
  The ghost of meralisa the Grappler, a journeyman NaTm of Cheibriados (D:9)
  Josephine (D:13)
  Harold (Lair:1)
  An ice dragon (D:15)
  5 hydras
  An anaconda (Swamp:1)
  An alligator (Swamp:1)
  9 two-headed ogres
  2 ogre magi
  2 death yaks (Lair:3)
  2 orc high priests (Orc:2)
  A skeletal warrior (D:14)
  A deep troll (shapeshifter) (D:15)
  A death drake (D:9)
  4 unseen horrors
  A lindwurm (Lair:2)
  2 swamp dragons (Swamp:1)
  A shambling mangrove (Swamp:2)
  A phantasmal warrior (D:14)
  A harpy (shapeshifter) (D:13)
  A necromancer (D:14)
  A wolf spider zombie (D:15)
  2 manticores
  3 deep elf magi
  4 orc knights (Orc:2)
  7 orc sorcerers (Orc:2)
  5 cyclopes
  A moth of wrath (D:14)
  A cyclops (shapeshifter) (D:15)
  2 ugly things
  4 black mambas
  2 ice statues (IceCv)
  11 spiny frogs
  3 torpor snails
  An orange demon (IceCv)
  A gargoyle (D:14)
  2 kobold demonologists (D:9)
  9 ice devils (IceCv)
  2 rime drakes
  A freezing wraith (D:15)
  5 komodo dragons
  6 trolls
  5 polar bears
  2 tyrant leeches (Swamp:1)
  A jumping spider (Orc:2)
  A hornet (shapeshifter) (Lair:2)
  6 dream sheep (Lair:6)
  13 hornets
  14 blink frogs
  3 bog bodies (Swamp:1)
  4 hippogriffs
  2 shadows
  A yak (shapeshifter) (D:13)
  A spriggan (shapeshifter) (D:10)
  15 spriggans
  A water elemental (D:11)
  9 wyverns
  A tarantella (Lair:4)
  23 yaks
  A hog (Lair:4)
  4 wraiths
  6 vampire mosquitoes
  A steam dragon (D:8)
  4 basilisks
  2 hungry ghosts
  7 swamp worms
  2 soldier ants
  A spatial vortex (Lair:1)
  5 wargs
  13 water moccasins
  A water moccasin (shapeshifter) (D:3)
  6 porcupines
  6 swamp drakes (Swamp:1)
  4 ice beasts
  9 sky beasts
  4 phantoms
  20 orc warriors
  A hornet zombie (D:13)
  2 necrophages (D:10)
  5 black bears
  19 ogres
  An eye of draining (D:15)
  31 wolves
  7 boggarts
  19 crocodiles
  7 big kobolds
  11 centaurs
  15 bullfrogs
  A gnoll sergeant (D:10)
  5 scorpions
  10 killer bees
  A wight (D:10)
  6 electric eels
  5 howler monkeys
  11 crimson imps
  A lava snake (D:11)
  2 bullfrog zombies
  10 jellies
  2 centaur zombies
  4 hounds
  26 orc wizards
  A gnoll shaman (D:5)
  22 orc priests
  4 bullfrog skeletons
  5 centaur skeletons
  2 iguanas
  2 hell rats (Lair:4)
  17 worker ants
  A centaur simulacrum (D:11)
  2 hound skeletons
  A worker ant zombie (D:5)
  A howler monkey zombie (D:9)
  11 gnolls
  10 adders
  3 shadow imps
  3 white imps (IceCv)
  A worker ant simulacrum (D:11)
  6 ufetubi (IceCv)
  8 oozes
  An adder skeleton (D:7)
  2 dart slugs
  7 leopard geckos
  71 orcs
  2 ball pythons
  7 bats
  3 giant cockroaches
  11 goblins
  5 hobgoblins
  5 jackals
  11 kobolds
  5 quokkas
  A ball python skeleton (D:5)
  8 frilled lizards
  A jackal skeleton (D:6)
  A leopard gecko skeleton (D:5)
  18 rats
  2 briar patches (Swamp:2)
778 creatures vanquished.

Vanquished Creatures (collateral kills)
  A komodo dragon (Lair:6)
  3 hornets
  2 blink frogs (Lair:3)
  3 spriggans (Swamp:1)
  A black bear (Lair:6)
  A phantom (D:6)
  3 wolves (Lair:6)
  A big kobold (D:9)
  A jelly (D:7)
  A centaur skeleton (D:7)
  A fungus (Lair:5)
18 creatures vanquished.

Vanquished Creatures (others)
  2 cyclopes (D:15)
  A human (Lair:4)
  A phantom (D:9)
  2 adders
  6 white imps (IceCv)
  3 ufetubi (IceCv)
  An orc (Orc:1)
  A rat (Lair:4)
  14 fungi
  34 plants
  25 withered plants (Swamp:2)
90 creatures vanquished.

Grand Total: 886 creatures vanquished

Notes
Turn   | Place    | Note
-------+----------+-------------------------------------------
     0 | D:1      | GordonOverkill the Mummy Chaos Knight began the quest for the Orb.
     0 | D:1      | Reached XP level 1. HP: 18/18 MP: 1/1
    95 | D:1      | XOM: silly message
   130 | D:1      | Reached skill level 1 in Dodging
   143 | D:1      | XOM: god gift: fizzy inky potion {god gift}
   245 | D:1      | Reached XP level 2. HP: 24/24 MP: 2/2
   264 | D:1      | XOM: medium Fire miscast
   430 | D:1      | XOM: divination: magic mapping
   453 | D:1      | Reached skill level 1 in Maces & Flails
   575 | D:1      | XOM: cloud trail
   677 | D:1      | Found a shattered altar of Ashenzari.
   677 | D:1      | XOM: confuse monster(s)
   680 | D:1      | Reached XP level 3. HP: 29/29 MP: 3/3
  1364 | D:2      | XOM: god gift: blackened ivory wand {god gift}
  1447 | D:2      | Found an ornate altar of the Wu Jian Council.
  1517 | D:2      | XOM: scenery: create altars
  1544 | D:2      | XOM: scenery: create altars
  1684 | D:3      | XOM: enchant monster (good)
  1819 | D:3      | Found an iron altar of Okawaru.
  1837 | D:3      | Paralysed by a goblin for 5 turns
  1888 | D:3      | Reached XP level 4. HP: 35/35 MP: 4/4
  2190 | D:3      | XOM: divination: magic mapping
  2399 | D:4      | XOM: god gift: lamp of fire
  2414 | D:4      | Found Ihywoi's Assorted Antiques.
  2420 | D:4      | Bought a scroll labeled HONAMO OSKA for 22 gold pieces
  2420 | D:4      | Bought a helmet for 99 gold pieces
  2428 | D:4      | Noticed Edmund
  2433 | D:4      | XOM: cleaving
  2550 | D:3      | XOM: harmless Chrm miscast
  2562 | D:3      | Noticed Edmund
  2562 | D:3      | Edmund changed into Edmund the water moccasin
  2562 | D:3      | XOM: polymorph Edmund -> Edmund the water moccasin
  2565 | D:3      | XOM: medium Tmut miscast
  2570 | D:3      | XOM: silly message
  2574 | D:3      | Killed Edmund the water moccasin
  2574 | D:3      | Reached skill level 1 in Shields
  2574 | D:3      | Reached XP level 5. HP: 19/42 MP: 5/5
  2600 | D:3      | XOM: harmless Ice miscast
  2602 | D:3      | XOM: harmless Hex miscast
  2655 | D:4      | Noticed an ogre
  2659 | D:4      | XOM: repel stairs
  2677 | D:4      | XOM: 3-stop teleportation journey
  2701 | D:4      | XOM: god gift: robe {god gift}
  2854 | D:4      | Reached XP level 6. HP: 45/48 MP: 6/6
  2885 | D:4      | Found a glowing golden altar of the Shining One.
  2886 | D:4      | XOM: polymorph hound -> jelly
  2915 | D:4      | XOM: fake destruction
  2917 | D:4      | XOM: divination: magic mapping
  2945 | D:4      | XOM: 1-stop teleportation journey
  2946 | D:4      | Reached skill level 2 in Shields
  2966 | D:4      | XOM: mild Tmut miscast
  3098 | D:4      | XOM: scenery: create altars
  3196 | D:4      | XOM is BORED!
  3196 | D:4      | XOM: mild Tloc miscast
  3346 | D:4      | Reached XP level 7. HP: 38/55 MP: 7/7
  3725 | D:5      | Entered Level 5 of the Dungeon
  3750 | D:5      | Reached skill level 5 in Fighting
  3877 | D:5      | XOM: harmless Tloc miscast
  4009 | D:5      | XOM: god gift: plate armour {god gift}
  4031 | D:5      | XOM: god gift: sapphire potion {god gift}
  4032 | D:5      | Found Cehasch's Jewellery Shop.
  4040 | D:5      | XOM: potion effect (heal wounds)
  4051 | D:5      | Reached skill level 3 in Shields
  4262 | D:5      | XOM: harmless Ice miscast
  4266 | D:5      | Reached skill level 5 in Maces & Flails
  4266 | D:5      | Reached XP level 8. HP: 55/63 MP: 8/8
  4304 | D:5      | XOM: mild Summ miscast
  4312 | D:5      | Found a basalt altar of Yredelemnul.
  4382 | D:5      | Found the +5 pair of quick blades "Gyre" and "Gimble" {pierce, Dex-3}
  4454 | D:5      | XOM: 2-stop teleportation journey
  4460 | D:5      | XOM: enchant monster (good)
  4505 | D:5      | XOM: harmless Chrm miscast
  4558 | D:5      | XOM: divination: detect items
  4779 | D:4      | XOM: scenery: 1 doors open, 1 doors close
  4937 | D:5      | XOM: god gift: 15 gold pieces
  5289 | D:6      | XOM: cast spell 'Summon Hydra'
  5434 | D:6      | XOM: god gift: scroll labeled ANANWUXZ XUINN {god gift}
  5457 | D:6      | Reached skill level 4 in Shields
  5515 | D:6      | XOM: silly message
  5731 | D:6      | Found a runed door.
  5748 | D:6      | XOM: harmless Tloc miscast
  5853 | D:6      | Found a staircase to the Ecumenical Temple.
  5909 | D:6      | Found a transporter.
  5912 | D:6      | Noticed janiczek's ghost (novice MiBe)
  5927 | D:6      | Found a transporter.
  5941 | D:6      | XOM: harmless Fire miscast
  6260 | D:6      | XOM: scenery: create altars
  6650 | D:6      | XOM: god gift: 2 bubbling amethyst potions {god gift}
  6808 | D:6      | Found a roughly hewn altar of Beogh.
  6913 | D:7      | XOM: noise
  6916 | D:7      | Reached XP level 9. HP: 71/71 MP: 9/9
  6929 | D:7      | XOM: cast spell 'Alistair's Intoxication'
  6935 | D:7      | XOM: confuse monster(s)
  6978 | D:7      | XOM: summons friendly iron imp
  7170 | D:7      | XOM: summons friendly crimson imp
  7302 | D:7      | XOM: divination: detect items
  7570 | D:6      | XOM: god gift: ration
  7576 | D:7      | XOM: noise
  7687 | D:7      | Found a shadowy altar of Dithmenos.
  7714 | D:7      | XOM: medium Pois miscast
  7862 | D:7      | XOM: scenery: create altars
  7969 | D:7      | Found a bloodstained altar of Trog.
  8030 | D:7      | Identified Xom's Incunabulum of the Sage (Xom gifted it to you on level 7 of the Dungeon)
  8030 | D:7      | XOM: god gift: Xom's Incunabulum of the Sage
  8032 | D:7      | XOM: cloud trail
  8097 | D:8      | XOM: scenery: create altars
  8115 | D:8      | XOM: summons 5 friendly demons
  8405 | D:8      | XOM: summons 2 hostile shadow creatures
  8506 | D:8      | Found a radiant altar of Vehumet.
  8506 | D:8      | XOM: 1-stop teleportation journey
  8690 | D:8      | Reached XP level 10. HP: 80/80 MP: 10/10
  9098 | D:8      | XOM: 2-stop teleportation journey
  9196 | D:8      | Found a staircase to the Lair.
  9346 | D:9      | Noticed a two-headed ogre
  9353 | D:9      | Killed a two-headed ogre
  9519 | D:9      | XOM: divine lightning
  9550 | D:9      | Found a stormy altar of Qazlal.
  9614 | D:9      | Found a deep blue altar of Sif Muna.
  9633 | D:9      | Found a staircase to the Orcish Mines.
  9639 | D:9      | Found a runed gate.
  9639 | D:9      | Found a runed gate.
  9639 | D:9      | Found a runed gate.
  9643 | D:9      | Noticed meralisa's ghost (journeyman NaTm)
  9888 | D:9      | XOM: scenery: create altars
  9949 | D:9      | XOM: chaos upgrade
 10100 | D:9      | Found a hazy altar of Hepliaklqana.
 10316 | D:9      | Killed meralisa's ghost
 10316 | D:9      | Reached skill level 10 in Maces & Flails
 10342 | D:9      | Noticed a spiny frog
 10342 | D:9      | a kobold demonologist changed into a spiny frog
 10342 | D:9      | XOM: polymorph kobold demonologist -> spiny frog
 10347 | D:9      | Noticed a death drake
 10347 | D:9      | a spiny frog changed into a death drake
 10347 | D:9      | XOM: polymorph spiny frog -> death drake
 10355 | D:9      | Noticed a sixfirhy
 10361 | D:9      | XOM: harmless Tmut miscast
 10367 | D:9      | XOM: mild Erth miscast
 10402 | D:9      | XOM: noise
 10709 | D:9      | Noticed a rust devil
 10715 | D:9      | XOM: butterfly on damage
 10720 | D:9      | XOM: confuse monster(s)
 10756 | D:9      | XOM: summons 4 friendly demons
 10772 | D:9      | Killed a death drake
 10781 | D:9      | Reached XP level 11. HP: 53/90 MP: 11/11
 10978 | D:10     | Entered Level 10 of the Dungeon
 11102 | D:10     | XOM: summons 2 friendly demons
 11323 | D:10     | Found a runed gate.
 11323 | D:10     | Found a runed gate.
 11324 | D:10     | Found a runed gate.
 11327 | D:10     | Noticed krl's ghost (novice DrTm)
 11327 | D:10     | Noticed a ten-headed hydra
 11342 | D:10     | Noticed a two-headed ogre
 11345 | D:10     | XOM: smoke on damage
 11347 | D:10     | Killed a two-headed ogre
 11524 | D:10     | Reached skill level 10 in Fighting
 12034 | Lair:1   | Entered Level 1 of the Lair of Beasts
 12043 | Lair:1   | Noticed Harold
 12044 | Lair:1   | XOM: 3-stop teleportation journey
 12380 | Lair:1   | XOM: potion effect (haste)
 12393 | Lair:1   | Killed Harold
 12823 | Lair:1   | XOM: god gift: ration
 12877 | Lair:1   | XOM: smoke on damage
 12966 | Lair:1   | XOM: medium Summ miscast
 13045 | Lair:1   | XOM: cloud trail
 13096 | Lair:1   | XOM: god gift: wand of acid (8)
 13377 | Lair:1   | XOM: god gift: glaive {god gift}
 13539 | Lair:2   | XOM: polymorph bullfrog -> swamp drake
 13689 | Lair:2   | XOM: summons friendly iron imp
 13883 | Lair:2   | XOM: scenery: create altars
 13885 | Lair:2   | XOM: enchant monster (good)
 13893 | Lair:2   | Reached skill level 1 in Evocations
 13958 | Lair:2   | XOM: enchant monster (good)
 13958 | Lair:2   | Noticed a harpy
 13958 | Lair:2   | a polar bear changed into a harpy
 13962 | Lair:2   | a harpy changed into a hornet
 14125 | Lair:2   | XOM: enchant monster (good)
 14127 | Lair:2   | XOM: enchant monster (bad)
 14151 | Lair:2   | XOM: silly message
 14306 | Lair:2   | Noticed a lindwurm
 14319 | Lair:2   | Killed a lindwurm
 14319 | Lair:2   | Reached skill level 5 in Armour
 14336 | Lair:2   | Noticed a five-headed hydra
 14341 | Lair:2   | Killed a five-headed hydra
 14341 | Lair:2   | Reached XP level 12. HP: 70/97 MP: 14/14
 14454 | Lair:2   | XOM: harmless Chrm miscast
 15070 | D:4      | Bought a polished plate armour for 616 gold pieces
 15070 | D:4      | Identified the cursed +0 plate armour "Oxuu" {rPois rCorr Dex-4} (You bought it in a shop on level 4 of the Dungeon)
 15290 | Lair:3   | Found a staircase to the Swamp.
 15298 | Lair:2   | XOM: harmless Chrm miscast
 15712 | Lair:3   | XOM: potion effect (might)
 15873 | Lair:3   | XOM: cast spell 'Summon Hydra'
 16365 | Lair:3   | Noticed a death yak
 16377 | Lair:3   | XOM: confusion
 16394 | Lair:3   | Killed a death yak
 16394 | Lair:3   | Reached skill level 5 in Evocations
 16427 | Lair:3   | Noticed a death yak
 16441 | Lair:3   | XOM: swap monsters
 16452 | Lair:3   | Killed a death yak
 16916 | Lair:4   | XOM is BORED!
 16916 | Lair:4   | XOM: mild Ice miscast
 17271 | Lair:4   | XOM: silly message
 17415 | Lair:4   | Noticed Kirke
 17442 | Lair:4   | Killed Kirke
 17585 | Lair:4   | XOM: harmless Fire miscast
 17716 | Lair:4   | Found a hole to the Spider Nest.
 17721 | Lair:4   | XOM: divination: detect creatures
 18232 | Lair:5   | XOM: summons friendly shadow imp
 18234 | Lair:5   | XOM: swap monsters
 18236 | Lair:5   | XOM: smoke on damage
 18475 | Lair:5   | Found a staircase to the Slime Pits.
 18639 | Lair:5   | Gained mutation: You are in touch with the powers of death. [Mummy growth]
 18639 | Lair:5   | Reached XP level 13. HP: 103/103 MP: 18/18
 18927 | Lair:6   | Entered Level 6 of the Lair of Beasts
 19067 | Lair:6   | XOM: enchant monster (bad)
 19069 | Lair:6   | XOM: enchant monster (good)
 19075 | Lair:6   | XOM: harmless Ice miscast
 19085 | Lair:6   | XOM: divination: detect creatures
 19086 | Lair:6   | XOM: confuse monster(s)
 19090 | Lair:6   | XOM: divination: magic mapping
 19249 | Lair:6   | XOM: enchant monster (good)
 19320 | Lair:6   | XOM: enchant monster (bad)
 19344 | Lair:6   | XOM: enchant monster (good)
 19352 | Lair:6   | Reached skill level 5 in Dodging
 19371 | Lair:6   | XOM: cleaving
 19381 | Lair:6   | XOM: scenery: create altars
 19398 | Lair:6   | XOM: god gift: twisted runed staff {god gift}
 19536 | Lair:6   | XOM: 4-stop teleportation journey
 19585 | Lair:6   | XOM: scenery: create altars
 19594 | Lair:6   | XOM: summons 7 friendly demons
 19668 | Lair:6   | XOM: summons friendly sun demon
 19682 | Lair:6   | XOM: 1-stop teleportation journey
 19706 | Lair:6   | XOM: stat loss: -1 Str (20/21)
 19808 | Lair:6   | XOM: summons 1 hostile shadow creature
 19820 | Lair:6   | XOM: silly message
 19846 | Lair:6   | XOM: confuse monster(s)
 19933 | Lair:6   | XOM: god gift: 35 gold pieces
 20402 | Lair:6   | XOM: enchant monster (good)
 20406 | Lair:6   | XOM: summons 4 friendly demons
 20407 | Lair:6   | XOM: potion effect (might)
 20678 | Lair:1   | XOM: harmless Air miscast
 20895 | D:10     | XOM: harmless Tmut miscast
 21011 | D:11     | XOM: cloud trail
 21329 | D:11     | XOM: divination: detect creatures
 21364 | D:11     | XOM: divination: magic mapping
 21555 | D:11     | XOM: cast spell 'Dispersal'
 21559 | D:11     | XOM: divination: magic mapping
 21570 | D:11     | Reached skill level 5 in Shields
 22218 | D:12     | XOM: cast spell 'Leda's Liquefaction'
 22269 | D:12     | XOM: mild Tloc miscast
 22273 | D:12     | XOM: potion effect (might)
 22280 | D:12     | Found a deep blue altar of Sif Muna.
 22281 | D:12     | XOM: divination: detect items
 22312 | D:12     | XOM: noise
 22425 | D:12     | XOM: summons 2 friendly demons
 22437 | D:12     | Reached skill level 6 in Shields
 22534 | D:12     | Reached XP level 14. HP: 103/113 MP: 19/19
 22841 | D:12     | XOM: harmless Tmut miscast
 22848 | D:12     | XOM: silly message
 23007 | D:13     | Found a radiant altar of Vehumet.
 23030 | D:13     | Noticed Josephine
 23050 | D:13     | Killed Josephine
 23070 | D:13     | Reached skill level 7 in Shields
 23277 | D:13     | XOM: harmless Erth miscast
 23287 | D:13     | XOM: noise
 23295 | D:13     | XOM: harmless Erth miscast
 23297 | D:13     | XOM: potion effect (haste)
 23301 | D:13     | XOM: harmless Hex miscast
 23303 | D:13     | XOM: potion effect (curing)
 23320 | D:13     | XOM: potion effect (might)
 23328 | D:13     | Reached skill level 8 in Shields
 23547 | D:13     | XOM: divination: detect items
 23827 | D:13     | XOM: summons 7 hostile demons
 23873 | D:13     | Found Vupnior's Book Shoppe.
 23971 | D:14     | XOM: harmless Erth miscast
 23980 | D:14     | XOM: harmless Hex miscast
 23983 | D:14     | XOM: harmless Erth miscast
 23991 | D:14     | XOM: summons 1 hostile demon
 24143 | D:14     | XOM: harmless Necr miscast
 24195 | D:14     | XOM: harmless Pois miscast
 24336 | D:14     | Found a gate to the Vaults.
 24402 | D:14     | XOM: polymorph hippogriff -> moth of wrath
 24408 | D:14     | Reached skill level 9 in Shields
 24785 | D:15     | Entered Level 15 of the Dungeon
 24797 | D:14     | XOM: cast spell 'Olgreb's Toxic Radiance'
 24800 | D:14     | XOM: noise
 24806 | D:14     | XOM: scenery: create altars
 24811 | D:14     | XOM: scenery: create altars
 24939 | D:15     | XOM: polymorph death knight -> dream sheep
 24959 | D:15     | XOM: stat loss: -1 Dex (10/11)
 24965 | D:15     | XOM: enchant monster (bad)
 25176 | D:15     | XOM: severe Pois miscast
 25219 | D:15     | XOM: confusion (+ monsters)
 25232 | D:15     | XOM: medium Ice miscast
 25314 | D:15     | XOM: noise
 25325 | D:15     | Reached skill level 10 in Shields
 25551 | D:15     | XOM: 3-stop teleportation journey
 25596 | D:15     | XOM: summons friendly iron imp
 25610 | D:15     | XOM: polymorph iron imp -> quasit
 25679 | D:15     | XOM: 1-stop teleportation journey
 25843 | D:14     | XOM: summons 2 friendly demons
 25856 | D:14     | HP: 5/113 [fire dragon/blast of flame (41)]
 25856 | D:14     | XOM: butterfly on damage
 26002 | D:14     | XOM: god gift: 26 gold pieces
 26030 | D:15     | XOM: divination: detect creatures
 26034 | D:15     | XOM: harmless Ice miscast
 26137 | D:15     | Found a staircase to the Depths.
 26175 | D:15     | XOM: scenery: create altars
 26235 | D:15     | XOM: noise
 26237 | D:15     | XOM: medium Chrm miscast
 26239 | D:15     | Reached skill level 11 in Shields
 26250 | D:15     | Found a portal to a secret trove of treasure.
 26533 | Orc:1    | Entered Level 1 of the Orcish Mines
 26541 | Orc:1    | XOM: mild Tloc miscast
 26693 | Orc:1    | XOM: noise
 26772 | Orc:2    | Entered Level 2 of the Orcish Mines
 26796 | Orc:2    | XOM: harmless Conj miscast
 27115 | Orc:2    | Found a roughly hewn altar of Beogh.
 27133 | Orc:2    | Found a staircase to the Elven Halls.
 27363 | Orc:1    | XOM: harmless Fire miscast
 27425 | Orc:1    | XOM: mild Erth miscast
 27605 | Orc:2    | Noticed an orc warlord
 27606 | Orc:2    | XOM: confuse monster(s)
 27609 | Orc:2    | Reached XP level 15. HP: 118/118 MP: 20/20
 27675 | Orc:2    | Killed an orc warlord
 27686 | Orc:2    | XOM: potion effect (might)
 28067 | Orc:2    | XOM: potion effect (brilliance)
 28166 | Orc:2    | XOM: potion effect (haste)
 28236 | Orc:1    | XOM: cast spell 'Summon Butterflies'
 28245 | Orc:1    | XOM: cloud trail
 28452 | Orc:2    | Paralysed by an orc sorcerer for 5 turns
 28460 | Orc:2    | XOM: potion effect (brilliance)
 28477 | Orc:2    | Reached skill level 12 in Shields
 28499 | Orc:2    | XOM: harmless Conj miscast
 28587 | Orc:2    | Found Xecherch's Book Shop.
 28595 | Orc:2    | XOM: polymorph orc knight -> jumping spider
 28640 | Orc:2    | Found Julewor's Assorted Antiques.
 28644 | Orc:2    | Found Welaisul's Book Shop.
 28649 | Orc:2    | Found Lovvaka's Distillery.
 28898 | Swamp:1  | Entered Level 1 of the Swamp
 29023 | Swamp:1  | XOM: potion effect (heal wounds)
 29139 | Swamp:1  | XOM: summons friendly quasit
 29350 | Swamp:1  | XOM: confuse monster(s)
 29369 | Swamp:1  | XOM: god gift: amulet of magic regeneration {god gift}
 29382 | Swamp:1  | XOM: enchant monster (good)
 29436 | Swamp:1  | XOM: scenery: create altars
 29463 | Swamp:1  | XOM: harmless Tmut miscast
 29606 | Swamp:1  | XOM: divination: magic mapping
 29667 | Swamp:1  | XOM: potion effect (agility)
 29668 | Swamp:1  | Reached skill level 13 in Shields
 29909 | Swamp:2  | Noticed a thorn hunter
 29921 | Swamp:2  | a thorn hunter changed into a shambling mangrove
 29921 | Swamp:2  | XOM: polymorph thorn hunter -> shambling mangrove
 29922 | Swamp:2  | XOM: harmless Chrm miscast
 29935 | Swamp:2  | XOM: cast spell 'Summon Ice Beast'
 30011 | Swamp:2  | Found a frozen archway.
 30035 | IceCv    | Entered an ice cave
 30057 | IceCv    | XOM: harmless Tmut miscast
 30201 | IceCv    | XOM: cloud trail
 30203 | IceCv    | XOM: smoke on damage
 30450 | IceCv    | XOM: potion effect (brilliance)
 30451 | IceCv    | XOM: polymorph ice devil -> orange demon
 30700 | IceCv    | Noticed an Ice Fiend
 30700 | IceCv    | Noticed an Ice Fiend
 30720 | IceCv    | HP: 4/118 [Ice Fiend (8)]
 30722 | IceCv    | Xom revived you
 30829 | IceCv    | Mangled by an Ice Fiend

Vault maps used:
D:1:      dpeg_arrival_short_road, roderic_st_hans_cross,
          nicolae_ashenzari_panopticon
D:2:      lemuel_crystal_altar, serial_bayou_crossing
D:3:      okawaru_metal_pillars_3, kennysheep_boxes
D:4:      nicolae_tso_carved_into_rock, serial_shops, shop,
          minmay_strange_pillars, uniq_edmund
D:5:      lemuel_round_altar, serial_shops, shop, first_ration,
          kennysheep_generic_room_9
D:6:      temple_fountains, gammafunk_ghost_smash, lightli_church_of_beogh
D:7:      kennysheep_mini_moat, the_bakery, lemuel_tele_altar
D:8:      old_standard_altar, erik_lair_dragon
D:9:      nicolae_qazlal_general_emergency, lemuel_doored_altar,
          nicolae_overflow_crystal_walls, orc_0_dummy,
          gammafunk_ghost_nasty_kobolds
D:10:     gammafunk_ghost_hydra_chop, serial_bayou_pond_c,
          kennysheep_generic_room_12
D:11:     minmay_ambush_box, nicolae_lava_and_water
D:12:     basic_altar, spider_trap, minmay_misc_feat_hallway
D:13:     basic_altar, serial_shops, shop_statue, uniq_josephine
D:14:     david_vaults_1, lemuel_flamethrower_1
D:15:     grunt_enter_depths_hoard, kennysheep_flooded_box, enter_trove_5,
          minmay_splitting_lines, st_stairs_6
Lair:1:   lemuel_fruit_fields, serial_bayou_shore_a, uniq_harold
Lair:2:   cheibrodos_lair_overgrown_chateau
Lair:3:   minmay_swamp_entry_eels
Lair:4:   spider_nest_entry_rubble, kennysheep_abandoned_house,
          infiniplex_staircase_pool_2, uniq_kirke
Lair:5:   nicolae_slime_entry_slimehenge
Lair:6:   minmay_lair_end_enchanted_forest, minmay_lair_oklob_bushes
Swamp:1:  nicolae_swamp_very_dense_foliage, nicolae_swamp_snake_nest,
          infiniplex_staircase_pool
Swamp:2:  portal_ice_cave_entry_pillars_1, nicolae_swamp_dense_foliage,
          swamp_pool3, st_shrine_of_shade
Orc:1:    serial_shops
Orc:2:    st_orc_elflike, basic_altar, abandoned_shop
IceCv:    ice_cave_small_demon

Skill      XL: |  1  2  3  4  5  6  7  8  9 10 11 12 13 14 15 |
---------------+----------------------------------------------+-----
Dodging        | 1 2 3 7 |  7.0
Maces & Flails | 1 2 3 5 6 8 10 11 | 11.9
Armour         | 2 5 8 9 |  9.0
Shields        | 1 2 3 4 6 11 13 | 13.5
Fighting       | 4 5 6 8 9 10 11 | 11.0
Evocations     | 3 6 7 |  7.0
Axes           | |  2.4

Action                   |  1- 3 |  4- 6 |  7- 9 | 10-12 | 13-15 || total
-------------------------+-------+-------+-------+-------+-------++-------
Melee: Whip              |    93 |    91 |   573 |   945 |  2110 ||  3812
       Hand axe          |     4 |       |       |       |       ||     4
 Fire: Hunting sling     |    48 |    11 |    14 |       |       ||    73
Throw: Stone             |       |       |     2 |       |       ||     2
Evoke: Wand              |       |       |     2 |    15 |     1 ||    18
  Use: Scroll            |     1 |     1 |    14 |    11 |    11 ||    38
 Stab: Sleeping          |       |     1 |       |       |       ||     1
       Confused          |       |       |     1 |     3 |     3 ||     7
       Petrified         |       |       |       |       |     5 ||     5
       Distracted        |       |       |       |       |     2 ||     2
Armor: Leather armour    |    43 |    12 |       |       |       ||    55
       Scale mail        |       |     9 |    84 |       |       ||    93
       Plate armour      |       |       |   128 |   408 |   838 ||  1374
Dodge: Dodged            |    64 |    31 |   139 |   177 |   465 ||   876
Block: Buckler           |     3 |    15 |    85 |   104 |   113 ||   320
       Shield            |       |       |       |       |   662 ||   662
       Reflection        |       |       |       |       |    24 ||    24

Table legend:
 A = Spawn XP
 B = Non-spawn XP
 C = Spawn XP percentage of total XP
 D = Spawn monster count
 E = Non-spawn monster count
 F = Spawn count percentage of total count
 G = Total turns spent on level
                    A         B        C        D         E        F      G
               +---------+---------+-------+---------+---------+-------+---------
         Total |       0 |  135205 |   0.0 |       0 |     796 |   0.0 | 30829
               +---------+---------+-------+---------+---------+-------+---------
           D:1 |       0 |      43 |   0.0 |       0 |      25 |   0.0 |   998
           D:2 |       0 |      40 |   0.0 |       0 |      20 |   0.0 |   733
           D:3 |       0 |     165 |   0.0 |       0 |      12 |   0.0 |   842
           D:4 |       0 |     759 |   0.0 |       0 |      32 |   0.0 |  1434
           D:5 |       0 |    1011 |   0.0 |       0 |      31 |   0.0 |  1333
           D:6 |       0 |     899 |   0.0 |       0 |      42 |   0.0 |  1930
           D:7 |       0 |    1729 |   0.0 |       0 |      30 |   0.0 |   946
           D:8 |       0 |    1652 |   0.0 |       0 |      20 |   0.0 |  1798
           D:9 |       0 |    4936 |   0.0 |       0 |      30 |   0.0 |  1477
          D:10 |       0 |    4269 |   0.0 |       0 |      42 |   0.0 |  1226
          D:11 |       0 |    4536 |   0.0 |       0 |      36 |   0.0 |  1249
          D:12 |       0 |    4881 |   0.0 |       0 |      36 |   0.0 |   820
          D:13 |       0 |   11758 |   0.0 |       0 |      39 |   0.0 |   978
          D:14 |       0 |    6877 |   0.0 |       0 |      23 |   0.0 |  1428
          D:15 |       0 |   14434 |   0.0 |       0 |      32 |   0.0 |  1067
        Lair:1 |       0 |    3394 |   0.0 |       0 |      15 |   0.0 |  1520
        Lair:2 |       0 |    7252 |   0.0 |       0 |      34 |   0.0 |  1906
        Lair:3 |       0 |    4712 |   0.0 |       0 |      21 |   0.0 |  1071
        Lair:4 |       0 |    6555 |   0.0 |       0 |      29 |   0.0 |  1524
        Lair:5 |       0 |    2918 |   0.0 |       0 |      16 |   0.0 |   718
        Lair:6 |       0 |   16162 |   0.0 |       0 |      83 |   0.0 |  1672
       Swamp:1 |       0 |   14234 |   0.0 |       0 |      43 |   0.0 |   956
       Swamp:2 |       0 |    2576 |   0.0 |       0 |       9 |   0.0 |   181
         Orc:1 |       0 |    2102 |   0.0 |       0 |      22 |   0.0 |   838
         Orc:2 |       0 |   12826 |   0.0 |       0 |      53 |   0.0 |  1390
         IceCv |       0 |    4485 |   0.0 |       0 |      21 |   0.0 |   794
               +---------+---------+-------+---------+---------+-------+---------
